[Event "Early-Titled-Tuesday-Blitz-January-16-2024"]
[Site "Chess.com"]
[Date "2024.01.16"]
[Round "9"]
[White "Arystanner"]
[Black "jefferyx"]
[Result "1/2-1/2"]
[WhiteElo "2807"]
[BlackElo "3010"]
[TimeControl "180+1"]
[EndTime "9:47:16 PST"]
[Termination "Game drawn by repetition"]

1. d4 Nf6 2. c4 e6 3. Nc3 Bb4 4. Nf3 Bxc3+ 5. bxc3 d6 6. Qc2 O-O 7. e4 e5 8. Bd3 Nc6 9. Bg5 h6 10. Bh4 Bg4 11. d5 Bxf3 12. gxf3 Ne7 13. Bxf6 gxf6 14.
Rg1+ Kh7 15. f4 Ng6 16. f5 Nf4 17. Rg3 c5 18. O-O-O Qa5 19. Rdg1 Rg8 20. Bf1 a6 21. Qb3 b6 22. Kd2 Nh5 23. a4 Nxg3 24. hxg3 Rg4 25. Ke3 Rag8 26. Rh1 R4g5 27. Be2 Kg7 28. Kf3 Rh8 29. Kg2 h5 30. Rh4 Kf8 31. Kh3 Ke7 32.
Kg2 Kd8 33. Kf3 Rg4 34. Rh3 Kc7 35. Ke3 Rg5 36. Rh4 Ra8 37. Kf3 Rh8 38. Kg2 Kd8 39.
Qc2 Kc7 40. Qb3 Kd8 1/2-1/2

[Event "Early-Titled-Tuesday-Blitz-January-16-2024"]
[Site "Chess.com"]
[Date "2024.01.16"]
[Round "9"]
[White "KorolDimitriy75"]
[Black "ChampStan"]
[Result "1-0"]
[WhiteElo "2349"]
[BlackElo "2139"]
[TimeControl "180+1"]
[EndTime "9:47:17 PST"]
[Termination "KorolDimitriy75 won by resignation"]

1. d4 d5 2. c4 dxc4 3. Nf3 a6 4. a4 Nc6 5. e3 e5 6. Bxc4 Bb4+ 7. Nc3 exd4 8.
exd4 Nf6 9. O-O O-O 10. h3 h6 11. Re1 Bxc3 12. bxc3 Nd5 13. Qd3 Be6 14. Bd2 Qf6 15.
Ne5 Nxe5 16. dxe5 Qd8 17. Qe4 c6 18. Bd3 f5 19. exf6 Nxf6 20. Qxe6+ Kh8 21. Qe3 Re8 22. Qf3 Rxe1+ 23. Rxe1 Qd7 24. Bf4 Rd8 25. Bf1 Qf5 26.
Bc7 Qxf3 27. gxf3 Rc8 28. Be5 Nd5 29. a5 Re8 30. Bxg7+ Kxg7 31. Rxe8 Nxc3 32. Re7+ Kf6 33. Rxb7 1-0

[Event "Early-Titled-Tuesday-Blitz-January-16-2024"]
[Site "Chess.com"]
[Date "2024.01.16"]
[Round "9"]
[White "EvgenyBurmakin"]
[Black "dosto07"]
[Result "0-1"]
[WhiteElo "2400"]
[BlackElo "2539"]
[TimeControl "180+1"]
[EndTime "9:47:20 PST"]
[Termination "dosto07 won on time"]

1. e4 e5 2. Nf3 Nc6 3. Bb5 a6 4. Ba4 Nf6 5. O-O Be7 6. Re1 b5 7. Bb3 d6 8. h3 Na5 9. d4 Nxb3 10.
axb3 Nd7 11. c4 Bb7 12. Nc3 c6 13. Be3 O-O 14. Ne2 Re8 15. Ng3 Bf8 16. Nf5 Nf6 17.
Qd3 exd4 18. Bxd4 c5 19. Bxf6 Qxf6 20. cxb5 axb5 21. Rxa8 Bxa8 22. Qxb5 Rxe4 23. Ne3 Rf4 24. Qb8 Bxf3 25. gxf3 Rxf3 26. Nd5 Qg5+ 27. Kf1 Qxd5 28.
Re8 h5 29. Rxf8+ Kh7 30. Rh8+ Kg6 31. Qc8 Rf5 32. Qd7 Qd1+ 33. Kg2 Qf3+ 0-1

[Event "Early-Titled-Tuesday-Blitz-January-16-2024"]
[Site "Chess.com"]
[Date "2024.01.16"]
[Round "9"]
[White "DvaHrasta"]
[Black "doctorcristian"]
[Result "0-1"]
[WhiteElo "2444"]
[BlackElo "2560"]
[TimeControl "180+1"]
[EndTime "9:47:22 PST"]
[Termination "doctorcristian won on time"]

1. c4 c5 2. g3 g6 3. Bg2 Bg7 4. Nc3 Nc6 5. Nf3 b6 6. O-O Bb7 7. e4 Bxc3 8. dxc3 d6 9. h4 Qc7 10. b4 Nf6 11. Re1 Nd7 12. Bf4 f6 13. b5 Na5 14.
Nd2 O-O-O 15. Qe2 h6 16. Nb3 g5 17. Nxa5 bxa5 18. hxg5 hxg5 19. Bd2 Ne5 20. f4 gxf4 21. gxf4 Nd7 22. Kf2 Rhg8 23. Rh1 Rg7 24. Bf3 Rdg8 25. Rag1 Rxg1 26. Rxg1 Rh8 27. Rh1 Rg8 28. Rh7 Qd8 29. e5 fxe5 30. Bxb7+ Kxb7 31. Qe4+ Kb8 32. fxe5 Nxe5 33.
Bf4 Qf8 34. Rh4 Qf6 35. Qh1 Nd3+ 36. Ke3 Nxf4 37. Rxf4 Qxc3+ 38. Ke2 Qe5+ 39. Kf2 Qxf4+ 0-1

[Event "Early-Titled-Tuesday-Blitz-January-16-2024"]
[Site "Chess.com"]
[Date "2024.01.16"]
[Round "9"]
[White "Flawless_Fighter"]
[Black "Langua_Chess"]
[Result "1-0"]
[WhiteElo "2678"]
[BlackElo "2444"]
[TimeControl "180+1"]
[EndTime "9:47:25 PST"]
[Termination "Flawless_Fighter won on time"]

1. e4 c5 2. Nf3 d6 3. Bb5+ Nd7 4. O-O a6 5. Bd3 Ngf6 6. Re1 b5 7. Bf1 Bb7 8. d3 e6 9. a4 Be7 10. axb5 axb5 11. Rxa8 Qxa8 12. Nc3 b4 13. Ne2 O-O 14. Ng3 Qa2 15. c3 Ra8 16. d4 bxc3 17.
bxc3 d5 18. e5 Ne4 19. Nxe4 dxe4 20. Ng5 cxd4 21. cxd4 Qb1 22. Qh5 Bxg5 23. Qxg5 Nb6 24. Qg3 e3 25. Qxe3 Nd5 26. Qg3 Qg6 27. Be3 Qxg3 28.
hxg3 h5 29. Rb1 Bc6 30. Rc1 Bb7 31. Be2 Ra3 32. Bg5 f6 33. Rb1 fxg5 34. Rxb7 g4 35. Bc4 Ra1+ 36. Kh2 Rd1 37. Bxd5 exd5 38. e6 Rxd4 39.
Rb8+ Kh7 40. e7 1-0

[Event "Early-Titled-Tuesday-Blitz-January-16-2024"]
[Site "Chess.com"]
[Date "2024.01.16"]
[Round "9"]
[White "GMAkobianSTL"]
[Black "YurasovMat-2012"]
[Result "0-1"]
[WhiteElo "2695"]
[BlackElo "2615"]
[TimeControl "180+1"]
[EndTime "9:47:27 PST"]
[Termination "YurasovMat-2012 won by resignation"]

1. d4 d5 2. c4 c6 3. cxd5 cxd5 4.
Nf3 Nf6 5. Nc3 Nc6 6. Bf4 Bf5 7.
Qb3 Na5 8. Qa4+ Bd7 9. Qc2 e6 10. e3 Rc8 11. Bd3 Be7 12. Ne5 O-O 13. O-O b5 14. Qe2 a6 15. Rac1 Nc4 16. b3 Nxe5 17. dxe5 Ne8 18. Bb1 f6 19. Qd3 g6 20. Nxd5 exd5 21.
Qxd5+ Kg7 22. e6 Bc6 23. Qxd8 Bxd8 24. Rfd1 Be7 25. e4 Kg8 26. Bh6 Ng7 27. f4 f5 28.
exf5 gxf5 29. Rd2 Be4 30. Rxc8 Rxc8 31. Bxe4 fxe4 32. Rd7 Nf5 33. Bg5 Bxg5 34. fxg5 Re8 35. Rd5 Ng7 36. Rd6 Rxe6 37. Rxe6 Nxe6 38. h4 Kf7 39. Kf2 Kg6 40. Ke3 Kf5 41. b4 Ke5 42. g4 Nf4 43. h5 Ne6 44. g6 hxg6 45.
hxg6 Ng7 46. a3 Ne6 47. Kf2 Kf4 48. Ke2 Kxg4 49. Ke3 Kf5 0-1

[Event "Early-Titled-Tuesday-Blitz-January-16-2024"]
[Site "Chess.com"]
[Date "2024.01.16"]
[Round "9"]
[White "Licancabur"]
[Black "TregubovP"]
[Result "0-1"]
[WhiteElo "2512"]
[BlackElo "2680"]
[TimeControl "180+1"]
[EndTime "9:47:30 PST"]
[Termination "TregubovP won on time"]

1. d4 Nf6 2. Bg5 e6 3. e4 h6 4. Bxf6 Qxf6 5. c3 d6 6. Bd3 g6 7. Ne2 Bg7 8. O-O e5 9. f4 Qe7 10. f5 O-O 11. Nd2 Nd7 12. Qe1 exd4 13. cxd4 c5 14. Qf2 cxd4 15. Nc4 Nc5 16. Rad1 Nxd3 17.
Rxd3 Qxe4 18. Rxd4 Bxd4 19. Nxd4 Bxf5 20. Nxd6 Qe5 21. N4xf5 gxf5 22. Nxf5 Kh7 23. Qh4 Qe6 24. Ne7 Rae8 25. Rf6 Qe3+ 26. Kf1 Rxe7 0-1

[Event "Early-Titled-Tuesday-Blitz-January-16-2024"]
[Site "Chess.com"]
[Date "2024.01.16"]
[Round "9"]
[White "MokshAD1603"]
[Black "DeArron_Fox"]
[Result "1-0"]
[WhiteElo "2594"]
[BlackElo "2416"]
[TimeControl "180+1"]
[EndTime "9:47:31 PST"]
[Termination "MokshAD1603 won on time"]

1. d4 d5 2. Bf4 Nf6 3. e3 c5 4. Nf3 Nc6 5. Nbd2 Bg4 6. h3 Bh5 7. Be2 e6 8. c3 cxd4 9. exd4 Bd6 10.
Ne5 Bxe2 11. Qxe2 Qc7 12. O-O O-O 13. Rfe1 Nd7 14. Ndf3 Rae8 15. Bg3 f6 16. Nxc6 bxc6 17. Bxd6 Qxd6 18. Qa6 e5 19. Qxa7 e4 20. Nh4 Ra8 21. Qb7 Rfb8 22. Nf5 Qe6 23. Qc7 Qxf5 24. Qxc6 h5 25.
a4 Rc8 26. Qd6 Rab8 27. Re2 Rb6 28. Qg3 Rbc6 29. a5 Qe6 30. Qh4 g6 31. f3 Qf5 32.
fxe4 dxe4 33. Qxe4 Qxe4 34. Rxe4 Ra8 35. Re3 Nf8 36.
b4 Nd7 37. d5 Rd6 38. c4 Ne5 39. Rc3 Rc8 40. a6 Nxc4 41. a7 Rdd8 42. Rxc4 Rxc4 43. a8=Q Rxa8 44. Rxa8+ Kg7 45. b5 Rd4 46. b6 1-0

[Event "Early-Titled-Tuesday-Blitz-January-16-2024"]
[Site "Chess.com"]
[Date "2024.01.16"]
[Round "9"]
[White "FredddieCroderg"]
[Black "Ural_bogatyr"]
[Result "0-1"]
[WhiteElo "2339"]
[BlackElo "2532"]
[TimeControl "180+1"]
[EndTime "9:47:35 PST"]
[Termination "Ural_bogatyr won by resignation"]

1. d4 Nf6 2. c3 d5 3. Nf3 c5 4. Bf4 Nc6 5. e3 Nh5 6. Bg5 h6 7.
Bh4 g5 8. Bg3 Bg7 9. Bd3 Nxg3 10. hxg3 Bg4 11. Nbd2 e6 12. O-O O-O 13. Qe2 a6 14.
dxc5 Qe7 15. e4 Qxc5 16. exd5 exd5 17. Nb3 Qd6 18. Qd2 Bxf3 19. gxf3 Rfe8 20. Kg2 Ne5 21. Rh1 a5 22. Nd4 Qf6 23. Nf5 Bf8 24. Rae1 a4 25. Bc2 a3 26. b3 Rad8 27. Qd4 b6 28. Rh3 Re6 29. Reh1 Ng6 30. Nxh6+ Bxh6 31. Rxh6 Qxd4 32. cxd4 Rdd6 33. Bxg6 Rxg6 34. Rh8+ Kg7 35. R1h7+ Kf6 36. Rf8 Rg7 37. Rxg7 Kxg7 38. Ra8 Rc6 39. Rxa3 Rc2 40.
Ra6 Rd2 41. Rxb6 Rxa2 42. Rb5 Rb2 43. Rxd5 Rxb3 44. Rxg5+ Kf6 45. Rd5 Rd3 46. Rd8 Ke7 47. Rd5 f6 48. g4 Ke6 49. Rd8 Ke7 50. Rg8 Rxd4 51. Kg3 Kf7 52. f4 Kxg8 53. f3 Kg7 54. f5 Kh6 55. Kf2 Kg5 56. Ke3 Ra4 0-1

[Event "Early-Titled-Tuesday-Blitz-January-16-2024"]
[Site "Chess.com"]
[Date "2024.01.16"]
[Round "9"]
[White "dasatcu90"]
[Black "MIss_MIaMI"]
[Result "0-1"]
[WhiteElo "2275"]
[BlackElo "2414"]
[TimeControl "180+1"]
[EndTime "9:47:35 PST"]
[Termination "MIss_MIaMI won on time"]

1. d4 c5 2. e3 g6 3. c3 Bg7 4. dxc5 Qc7 5. b4 a5 6. Bb2 axb4 7. Qb3 bxc3 8. Bxc3 Nf6 9. Nd2 Qxc5 10. Rc1 O-O 11. Bb2 Qa7 12. a3 Nc6 13. Ngf3 d5 14. Bd3 Be6 15. Nd4 Nxd4 16. exd4 Ne4 17. Nf3 Rfc8 18. O-O Bh6 19. Rxc8+ Rxc8 20. h3 b6 21. Rd1 Qc7 22. Ne5 Qd6 23. Bxe4 dxe4 24. d5 Bf5 25. Nc4 Qc5 26.
Nxb6 Rb8 0-1

[Event "Early-Titled-Tuesday-Blitz-January-16-2024"]
[Site "Chess.com"]
[Date "2024.01.16"]
[Round "9"]
[White "maurovargas01"]
[Black "cristiano78"]
[Result "0-1"]
[WhiteElo "1845"]
[BlackElo "2231"]
[TimeControl "180+1"]
[EndTime "9:47:35 PST"]
[Termination "cristiano78 won on time"]

1. e4 c5 2. Nc3 d6 3. f4 a6 4. Nf3 Bg4 5. Be2 g6 6. O-O Nc6 7. d3 Bg7 8. Bd2 Bxf3 9. Bxf3 Nd4 10. Bg4 h5 11. Bh3 Nf6 12. g3 O-O 13. Bg2 e6 14. h3 Rb8 15. Ne2 Nxe2+ 16. Qxe2 b5 17. g4 hxg4 18. hxg4 Nh7 19. g5 Bxb2 20. Rab1 Bd4+ 21.
Kh2 b4 22. Kg3 f6 23. Qg4 Qe7 24. Rh1 fxg5 25. Rh6 gxf4+ 26. Bxf4 Rxf4 27. Rxg6+ Kh8 28. Kxf4 Rf8+ 29. Kg3 Be5+ 30. Kh3 Qf7 31. Rf1 Qe8 32. Rxe6 Qxe6 33. Qxe6 Ng5+ 34. Kg4 Nxe6 35. Rh1+ Kg7 36. Bh3 Rh8 0-1

[Event "Early-Titled-Tuesday-Blitz-January-16-2024"]
[Site "Chess.com"]
[Date "2024.01.16"]
[Round "9"]
[White "RandomNoob04"]
[Black "brm72"]
[Result "0-1"]
[WhiteElo "2592"]
[BlackElo "2704"]
[TimeControl "180+1"]
[EndTime "9:47:38 PST"]
[Termination "brm72 won by resignation"]

1. e4 c5 2. d4 cxd4 3. c3 dxc3 4. Nxc3 Nc6 5. Nf3 e6 6. Bc4 a6 7. O-O Nge7 8. Bg5 h6 9. Be3 Ng6 10. Qe2 b5 11. Bb3 Be7 12. Rfd1 O-O 13. Qd2 d6 14. Rac1 Bb7 15. a4 Na5 16. Ba2 b4 17. Ne2 Bxe4 18. Qxb4 Bxf3 19. gxf3 Rb8 20. Qg4 Rxb2 21. Rd2 Rxd2 22.
Bxd2 Kh7 23. Bb1 f5 24. Qh5 Nb3 25. Rd1 Nxd2 26. Rxd2 Qb6 27. Ba2 d5 28. f4 Bc5 29.
Qf3 Rc8 30. Ng3 Be7 31. Re2 Rc1+ 32. Nf1 Bf6 33. Qe3 Qxe3 34. fxe3 Rc3 35. Kf2 Ra3 36. Rc2 Rxa4 37. Nd2 Rb4 38. Rc6 Rb2 0-1

[Event "Early-Titled-Tuesday-Blitz-January-16-2024"]
[Site "Chess.com"]
[Date "2024.01.16"]
[Round "9"]
[White "SpongeBob_03"]
[Black "toninhojit"]
[Result "0-1"]
[WhiteElo "2213"]
[BlackElo "2393"]
[TimeControl "180+1"]
[EndTime "9:47:39 PST"]
[Termination "toninhojit won on time"]

1. e4 e5 2. Nf3 Nc6 3. Bc4 Nf6 4. d3 Bc5 5. c3 h6 6. h3 d6 7. Bb3 O-O 8. Bc2 d5 9. Qe2 a5 10. Nbd2 a4 11. O-O Re8 12. Rd1 d4 13. Nf1 a3 14.
Ng3 axb2 15. Bxb2 dxc3 16. Bxc3 Nd4 17. Bxd4 Bxd4 18. Nxd4 Qxd4 19. Qf3 Be6 20. Nf5 Bxf5 21. Qxf5 Qd7 22. Qxd7 Nxd7 23. d4 exd4 24. Rxd4 Nc5 25. a4 Ra5 26. Rad1 g6 27. Rd8 Rxd8 28. Rxd8+ Kg7 29.
Rd4 Kf6 30. f4 Ke7 31. e5 Ne6 32. Rb4 b6 33. g4 g5 34. f5 Nf4 35. Re4 Nxh3+ 36.
Kh2 Nf4 37. Bb3 Rc5 38. f6+ Ke8 39. e6 fxe6 40. Bxe6 Nxe6 41. Rxe6+ Kf7 42. Re4 Kxf6 43. Kg3 Rc3+ 44. Kf2 c6 45. Ke2 b5 46. axb5 cxb5 47. Kd2 Rc4 48. Re8 Rxg4 49. Rb8 b4 50. Kc2 Kg6 51. Kb3 Kh5 52. Rb5 Kh4 53. Rb6 h5 0-1

[Event "Early-Titled-Tuesday-Blitz-January-16-2024"]
[Site "Chess.com"]
[Date "2024.01.16"]
[Round "9"]
[White "MdChess1734"]
[Black "koncheto"]
[Result "0-1"]
[WhiteElo "2405"]
[BlackElo "2580"]
[TimeControl "180+1"]
[EndTime "9:47:41 PST"]
[Termination "koncheto won on time"]

1. e4 c5 2. Nf3 d6 3. d4 cxd4 4. Nxd4 Nf6 5. Nc3 Nc6 6. Bg5 e6 7. Qd2 a6 8. O-O-O Bd7 9. f4 b5 10. Nf3 h6 11. Bxf6 gxf6 12. f5 h5 13. Kb1 Ne5 14.
fxe6 fxe6 15. Nxe5 fxe5 16. Ne2 Bc6 17. Qd3 Qh4 18.
Ng3 Qf4 19. Be2 h4 20. Nh5 Qg5 21. Rhf1 Rxh5 22. Rxf8+ Kxf8 23. Qxd6+ Kg7 24. Qxc6 Rhh8 25. Qxe6 Rad8 26. Rf1 Rhf8 27. Bf3 Kh8 28. Qb3 Qxg2 0-1

[Event "Early-Titled-Tuesday-Blitz-January-16-2024"]
[Site "Chess.com"]
[Date "2024.01.16"]
[Round "9"]
[White "Chessbard1972"]
[Black "DDTerziev04"]
[Result "1-0"]
[WhiteElo "2383"]
[BlackElo "2158"]
[TimeControl "180+1"]
[EndTime "9:47:41 PST"]
[Termination "Chessbard1972 won on time"]

1. d4 d5 2. c4 dxc4 3. e4 Nf6 4. e5 Nd5 5. Bxc4 e6 6. a3 c5 7. Nf3 Nc6 8. Nc3 cxd4 9. Ne4 Be7 10. O-O O-O 11. b4 a6 12. Bb2 b5 13. Bd3 Nf4 14.
Bb1 Bb7 15. Re1 Qb6 16. Nxd4 Rfd8 17. Nxc6 Bxc6 18. Qg4 Ng6 19. Ba2 Bxe4 20. Qxe4 Rd2 21. Re2 Rad8 22. Bc3 Rxe2 23. Qxe2 Nf4 24. Qf3 Rd3 25.
Qxf4 Rxc3 26. Rd1 Rc2 27. Bb1 Rb2 28. Be4 g6 29. h4 a5 30. Rc1 Qd8 31. Bb7 Qb6 32. Rc8+ Kg7 33. Be4 axb4 34. h5 h6 35. hxg6 fxg6 36. Re8 Qc7 37. Qg4 1-0

[Event "Early-Titled-Tuesday-Blitz-January-16-2024"]
[Site "Chess.com"]
[Date "2024.01.16"]
[Round "9"]
[White "ilqar_74"]
[Black "lefonghua"]
[Result "1-0"]
[WhiteElo "2820"]
[BlackElo "2654"]
[TimeControl "180+1"]
[EndTime "9:47:44 PST"]
[Termination "ilqar_74 won by resignation"]

1. e4 c5 2. Nf3 g6 3. d4 cxd4 4. Nxd4 Bg7 5. c4 Nc6 6. Be3 Nf6 7. Nc3 O-O 8. Be2 d6 9. O-O Bd7 10. f3 Nxd4 11. Bxd4 a5 12. Qd2 Bc6 13. Nd5 Bxd5 14. cxd5 Nd7 15. Bxg7 Kxg7 16. Qd4+ Kg8 17. Bb5 Qb6 18.
Qxb6 Nxb6 19. Rfc1 Rac8 20. b3 Rxc1+ 21. Rxc1 Rc8 22.
Rxc8+ Nxc8 23. Kf2 Nb6 24. Ke3 g5 25. Kd4 f6 26. g3 Kf7 27. Kc3 e5 28. b4 axb4+ 29. Kxb4 Ke7 30. Bf1 Kd8 31. Kb5 Kc7 32. Bh3 Na8 33.
Bf5 h6 34. Bg6 Kb8 35. Kc4 Kc7 36. Bf5 Kb6 37. Kd3 Kc5 38. Ke3 Nc7 39. Kf2 Kd4 40.
Bd7 Na6 41. Kg2 Ke3 42. Bg4 Nc5 43. Kh3 Nd3 44. Bh5 Nf2+ 45. Kg2 Nd3 46. Kh3 Ne1 47. Kg4 Nxf3 48. Kf5 Nd4+ 49. Kxf6 Kxe4 50. Kg6 Kxd5 51. Kxh6 Ne6 52. Kg6 e4 53. Kf5 e3 54. Bf3+ Kc4 55. Kxe6 Kd3 56. Kxd6 e2 57. Bxe2+ Kxe2 58. Ke5 Kf3 59.
Kf5 g4 60. Kg5 b6 61. a4 Kg2 62. Kxg4 1-0

[Event "Early-Titled-Tuesday-Blitz-January-16-2024"]
[Site "Chess.com"]
[Date "2024.01.16"]
[Round "9"]
[White "shirovin"]
[Black "FranciscodelaF"]
[Result "0-1"]
[WhiteElo "1997"]
[BlackElo "2255"]
[TimeControl "180+1"]
[EndTime "9:47:44 PST"]
[Termination "FranciscodelaF won on time"]

1. e4 e5 2. Nf3 Nf6 3. Nxe5 Nc6 4. Nf3 Nxe4 5. Nc3 Nxc3 6. dxc3 d5 7. Be3 Be7 8. Qd2 Be6 9. O-O-O Qd7 10. Kb1 O-O-O 11. Nd4 Kb8 12. Bb5 Ka8 13. h3 Bf6 14. g4 Bxd4 15.
cxd4 a6 16. Bd3 Rhe8 17. f4 f6 18. Rhe1 Bg8 19. Qc3 h5 20. f5 hxg4 21. hxg4 Qd6 22. g5 Nb8 23. g6 Qg3 24. Bd2 Qg4 25. Qb4 Nc6 26. Qa4 Qxd4 27. Qa3 Qg4 28. Rc1 d4 29. Bxa6 Kb8 30. Bb5 Rxe1 31. Bxe1 Qxf5 32. Bxc6 bxc6 33. Rd1 Qb5 0-1

[Event "Early-Titled-Tuesday-Blitz-January-16-2024"]
[Site "Chess.com"]
[Date "2024.01.16"]
[Round "9"]
[White "FM_VS99"]
[Black "alexrustemov"]
[Result "1/2-1/2"]
[WhiteElo "2511"]
[BlackElo "2824"]
[TimeControl "180+1"]
[EndTime "9:47:47 PST"]
[Termination "Game drawn by repetition"]

1. d4 d5 2. Nf3 Nf6 3. c4 c6 4. cxd5 cxd5 5. Nc3 Nc6 6. Bf4 a6 7. Rc1 Bf5 8. e3 Rc8 9. Be2 e6 10. O-O Be7 11. Qb3 Na5 12. Qa4+ Nc6 13. Qb3 Bb4 14.
a3 Bxc3 15. Rxc3 Qd7 16. Rfc1 O-O 17. Qb6 Ne4 18. R3c2 g5 19. Ne5 Nxe5 20. Bxe5 Rxc2 21. Rxc2 Rc8 22. Rxc8+ Qxc8 23. g4 Bg6 24. f3 Nd2 25. Qb4 Qc1+ 26. Kf2 Nc4 27. Bxc4 dxc4 28. Qe7 Qd2+ 29. Kg3 Qe1+ 30. Kg2 Qe2+ 31. Kg3 Qe1+ 32.
Kg2 Qe2+ 33. Kg3 Qe1+ 1/2-1/2

[Event "Early-Titled-Tuesday-Blitz-January-16-2024"]
[Site "Chess.com"]
[Date "2024.01.16"]
[Round "9"]
[White "Kopytkin"]
[Black "noblerone"]
[Result "0-1"]
[WhiteElo "2391"]
[BlackElo "2513"]
[TimeControl "180+1"]
[EndTime "9:47:48 PST"]
[Termination "noblerone won by checkmate"]

1. d4 d5 2. Bg5 h6 3. Bf4 c5 4. e3 Nc6 5. c3 cxd4 6. exd4 Bf5 7. Nf3 Qb6 8. Qb3 e6 9. Bb5 f6 10. O-O g5 11. Bg3 Ne7 12. Re1 Kf7 13. Nbd2 a6 14. Bf1 Qa7 15. a4 Bg7 16. a5 Rhe8 17. Qa4 Rac8 18.
Nb3 h5 19. h3 g4 20. hxg4 hxg4 21. Nh4 Bh6 22. Nc5 Bg5 23. Qd1 Bxh4 24. Bxh4 Ng6 25.
Bg3 Rh8 26. Bd3 Nce7 27. Bxf5 exf5 28. Qd2 Rh5 29. Kf1 Rxc5 30. dxc5 Qxc5 31. Qd4 Qb5+ 32. Kg1 Qe8 33. Kf1 Qb5+ 34. c4 dxc4 35. Re2 Rh1# 0-1

[Event "Early-Titled-Tuesday-Blitz-January-16-2024"]
[Site "Chess.com"]
[Date "2024.01.16"]
[Round "9"]
[White "RCone"]
[Black "Let_it_be_1"]
[Result "0-1"]
[WhiteElo "2434"]
[BlackElo "2607"]
[TimeControl "180+1"]
[EndTime "9:47:49 PST"]
[Termination "Let_it_be_1 won on time"]

1. e4 e6 2. d4 d5 3. e5 c5 4. c3 Qb6 5. Nf3 Nc6 6. Bd3 cxd4 7. O-O Bd7 8. Re1 Rc8 9. Nbd2 dxc3 10. bxc3 Na5 11.
Rb1 Qc7 12. Nb3 Nxb3 13. Rxb3 Ne7 14. Ba3 Nc6 15. Bxf8 Kxf8 16. h4 h6 17. h5 Na5 18.
Ra3 b6 19. Ba6 Rd8 20. Nd4 Qc5 21. Qc1 Ke7 22. Re3 Rhg8 23. Rf3 Bc8 24. Rxa5 bxa5 25. Qf4 Rgf8 26. Qh4+ Kd7 27. Bb5+ Kc7 28. Ba4 Bd7 29. Bxd7 Kxd7 30. Qg4 Qe7 31. Qxg7 Rb8 32. Qxh6 Rh8 33.
Qg7 Rxh5 0-1

[Event "Early-Titled-Tuesday-Blitz-January-16-2024"]
[Site "Chess.com"]
[Date "2024.01.16"]
[Round "9"]
[White "Yushko_Olga"]
[Black "Viktor_Poddubnyi"]
[Result "1-0"]
[WhiteElo "2132"]
[BlackElo "2275"]
[TimeControl "180+1"]
[EndTime "9:47:49 PST"]
[Termination "Yushko_Olga won on time"]

1. d4 g6 2. c4 Bg7 3. Nf3 c5 4. d5 f5 5. Bg5 h6 6. Bc1 d6 7. Nc3 g5 8. Qc2 Nf6 9. e4 fxe4 10. Nxe4 O-O 11. Bd3 Bg4 12. Nxf6+ Rxf6 13. Be4 Nd7 14. Bd2 Bxf3 15. gxf3 Ne5 16. f4 gxf4 17. Rg1 Kh8 18. O-O-O Qf8 19. Rg2 Qf7 20. Rdg1 Rg8 21. Bc3 f3 22.
Rg3 h5 23. Bg6 Rxg6 24. Rxg6 Nxg6 25. Rxg6 Bxc3 26. Qxc3+ Rg7 27. Rh6+ Kg8 28. Qe3 1-0

[Event "Early-Titled-Tuesday-Blitz-January-16-2024"]
[Site "Chess.com"]
[Date "2024.01.16"]
[Round "9"]
[White "Srisshhhtea"]
[Black "lilylg"]
[Result "1-0"]
[WhiteElo "2450"]
[BlackElo "2105"]
[TimeControl "180+1"]
[EndTime "9:47:51 PST"]
[Termination "Srisshhhtea won by resignation"]

1. e4 c6 2. d4 d5 3. e5 Bf5 4. g4 Bg6 5. e6 fxe6 6. h4 Bf7 7. f4 Nd7 8. Nf3 Ngf6 9. Ng5 Qa5+ 10. c3 h6 11.
Nxf7 Kxf7 12. g5 Ne4 13. Bh3 Ng3 14. g6+ Ke8 15. Rg1 Ne4 16. Bxe6 Ndf6 17. Qf3 Qc7 18. Na3 Qd6 19. Bf7+ Kd8 20. Be3 Nxc3 21. Nc4 dxc4 22.
bxc3 e6 23. f5 e5 24. dxe5 Qxe5 25. Rd1+ Kc7 26. Kf1 Qe4 27. Qg3+ Kc8 28. Be6+ Nd7 29. Bxd7+ Kd8 30. Bxc6+ 1-0

[Event "Early-Titled-Tuesday-Blitz-January-16-2024"]
[Site "Chess.com"]
[Date "2024.01.16"]
[Round "9"]
[White "Zohid6"]
[Black "chito89"]
[Result "1-0"]
[WhiteElo "2839"]
[BlackElo "2930"]
[TimeControl "180+1"]
[EndTime "9:47:52 PST"]
[Termination "Zohid6 won by resignation"]

1. d4 d5 2. Nc3 Nf6 3. Bf4 a6 4. e3 b5 5. h4 Nbd7 6. g4 b4 7.
Na4 e6 8. g5 Ne4 9. Bg2 Bb7 10.
Ne2 Bc6 11. c3 Bb5 12. Rc1 Rc8 13. c4 Bc6 14. c5 Bb5 15. f3 e5 16. Bh2 Nxg5 17.
hxg5 Qxg5 18. Kf2 Be7 19. Bg3 Bf6 20. c6 Bxa4 21. cxd7+ Bxd7 22. dxe5 Be7 23. Qxd5 Rd8 24. Rxc7 Bb5 25. Qe4 Rd2 26. Rc8+ Bd8 27. Bf1 Qe7 28. Bh4 g5 29. Bg3 h5 30. Ke1 Qd7 31. Nd4 Rxb2 32.
Bxb5 axb5 33. Rc6 h4 34. e6 1-0

[Event "Early-Titled-Tuesday-Blitz-January-16-2024"]
[Site "Chess.com"]
[Date "2024.01.16"]
[Round "9"]
[White "Barmen_EV"]
[Black "LoScecco"]
[Result "1-0"]
[WhiteElo "2533"]
[BlackElo "2270"]
[TimeControl "180+1"]
[EndTime "9:47:52 PST"]
[Termination "Barmen_EV won on time"]

1. e4 c5 2. c3 e6 3. d4 d5 4. Nd2 cxd4 5. cxd4 dxe4 6. Nxe4 Bb4+ 7. Nc3 Nf6 8. Nf3 Nc6 9. Bd3 Bd7 10. O-O h6 11. Re1 Be7 12. Bb1 Nb4 13. a3 Nbd5 14. Ne5 Rc8 15. Qd3 a6 16. Qg3 Kf8 17. Bd2 Nxc3 18. bxc3 b5 19. Bd3 Bc6 20. Re2 Bd5 21. Rae1 Bd6 22. Qh3 Qc7 23. a4 bxa4 24. c4 Bb7 25. d5 exd5 26. Bf5 Re8 27. Bf4 a3 28. Nd7+ Qxd7 29. Bxd7 Rxe2 30. Bxd6+ Kg8 31. Rxe2 1-0

[Event "Early-Titled-Tuesday-Blitz-January-16-2024"]
[Site "Chess.com"]
[Date "2024.01.16"]
[Round "9"]
[White "viktorskliarov"]
[Black "FMCASTE"]
[Result "1-0"]
[WhiteElo "2658"]
[BlackElo "2479"]
[TimeControl "180+1"]
[EndTime "9:47:55 PST"]
[Termination "viktorskliarov won by checkmate"]

1. e4 g6 2. d4 Bg7 3. Nc3 d6 4.
Be3 a6 5. f3 Nd7 6. g4 h6 7. h4 b5 8. Qd2 Bb7 9. Nd1 c5 10. c3 Qc7 11. Bd3 Ngf6 12. Nf2 e5 13. d5 c4 14. Bf1 h5 15. g5 Ng8 16. Bh3 Ne7 17. Ne2 a5 18. Ng3 Nc5 19. O-O Ba6 20.
f4 exf4 21. Bxf4 O-O 22. Rae1 Rad8 23. Qe2 b4 24. Nxh5 gxh5 25. Qxh5 Ng6 26. Bf5 Nd3 27. Ng4 Ndxf4 28. Rxf4 Qa7+ 29. Kh2 Rfe8 30. Nf6+ Kf8 31. Bxg6 Re7 32. Nh7+ Kg8 33. Nf6+ Kf8 34. Qh7 Re5 35.
Qg8+ Ke7 36. Qxf7# 1-0

[Event "Early-Titled-Tuesday-Blitz-January-16-2024"]
[Site "Chess.com"]
[Date "2024.01.16"]
[Round "9"]
[White "kritipatel"]
[Black "tigurones"]
[Result "0-1"]
[WhiteElo "2181"]
[BlackElo "2366"]
[TimeControl "180+1"]
[EndTime "9:47:55 PST"]
[Termination "tigurones won by resignation"]

1. e4 c5 2. c3 Nf6 3. e5 Nd5 4. d4 cxd4 5. Nf3 Nc6 6. Bc4 Nb6 7. Bb3 e6 8. O-O dxc3 9. Nxc3 d6 10. exd6 Bxd6 11.
Be3 O-O 12. Qe2 Nd5 13. Rfd1 Nxc3 14. bxc3 Qc7 15. Bc2 e5 16. Bxh7+ Kxh7 17. Ng5+ Kg8 18.
Qh5 Bf5 19. Rd5 Bg6 20. Qh4 Be7 21. Rad1 Rad8 22. Rxd8 Rxd8 23. Rxd8+ Qxd8 24. h3 Bxg5 25. Bxg5 Qd1+ 26. Kh2 Qd3 27. c4 Qe4 28. Qg3 f6 29. Be3 Bf7 30. c5 Bxa2 31. Bd2 Bd5 32. f3 Qc2 33. Be1 Nd4 34. Qg4 Nxf3+ 35. Kg3 Nxe1 36. Qc8+ Kh7 0-1

[Event "Early-Titled-Tuesday-Blitz-January-16-2024"]
[Site "Chess.com"]
[Date "2024.01.16"]
[Round "9"]
[White "Firouzja2003"]
[Black "FairChess_on_YouTube"]
[Result "1-0"]
[WhiteElo "3172"]
[BlackElo "3092"]
[TimeControl "180+1"]
[EndTime "9:47:56 PST"]
[Termination "Firouzja2003 won on time"]

1. e4 c5 2. Nf3 e6 3. d4 cxd4 4. Nxd4 Nc6 5. Nc3 a6 6. a3 Qc7 7. Be3 Nf6 8. f4 d6 9. Qf3 Nxd4 10. Bxd4 e5 11. fxe5 dxe5 12. Qg3 Ng4 13. Nd5 Qxc2 14. Bd3 Qa4 15. Nc7+ Kd8 16. Bb6 Bc5 17. Bxc5 Kxc7 18.
h3 b6 19. Bb4 a5 20. Bc3 Ba6 21. hxg4 f6 22. O-O Bxd3 23. Qxd3 Rhd8 24. Qe2 h6 25. Rad1 Qb3 26. Rd3 Rxd3 27. Qxd3 Qe6 28. Rc1 Kb7 29. Bd2 Rc8 30. Rxc8 Kxc8 31. Be3 Kc7 32. Qb5 Qd6 33. Qd5 Qc6 34. Qxc6+ Kxc6 35. a4 b5 36. b3 g5 37. Kf2 bxa4 38. bxa4 Kd6 39. Ke2 Kc6 40. Kd3 1-0